 Dungeon Crawl Stone Soup version 0.25.1-2-g60ff931 (webtiles) character file.

Game seed: 3327074605010677436

11473 Gadfly the Frost Mage (level 11, -9/81 HPs)
             Began as a Barachi Ice Elementalist on Aug 17, 2020.
             Was an Elder of Vehumet.
             Mangled by a freezing wraith (21 damage)
             ... led by a death knight
             ... on level 11 of the Dungeon.
             The game lasted 00:27:46 (15725 turns).

Gadfly the Frost Mage (Barachi Ice Elementalist)   Turns: 15725, Time: 00:27:46

Health: -9/81      AC: 10    Str: 11    XL:     11   Next: 78%
Magic:  23/23      EV: 16    Int: 18    God:    Vehumet [****..]
Gold:   659        SH:  7    Dex: 12    Spells: 13/26 levels left

rFire    . . .     SeeInvis .   b - +2 dagger (holy)
rCold    . . .     Gourm    .   w - +2 buckler
rNeg     . . .     Faith    .   v - +0 robe {Archmagi}
rPois    .         Spirit   .   l - +0 helmet
rElec    .         Reflect  .   J - +0 cloak
rCorr    .         Harm     .   K - +0 pair of gloves
MR       .....                  j - +0 pair of boots
Stlth    ++........             (no amulet)
HPRegen  0.23/turn              x - +4 ring of protection
MPRegen  0.18/turn              u - ring of wizardry

@: slowed, very slow
A: +LOS, swims, slowness 1, strong legs 1
a: Hop, Renounce Religion


You were on level 11 of the Dungeon.
You worshipped Vehumet.
Vehumet was greatly pleased with you.
You were hungry.

You visited 2 branches of the dungeon, and saw 12 of its levels.

You collected 659 gold pieces.

Inventory:

Hand Weapons
 a - a +1 spear of venom
 b - a +2 dagger of holy wrath (weapon)
 t - a +2 war axe of freezing
 z - a +2 hand axe of flaming
 A - a +5 hand axe
 H - a +2 flail of protection
Missiles
 k - a throwing net (quivered)
Armour
 j - a +0 pair of boots (worn)
 l - a +0 helmet (worn)
 v - a +0 robe of the Archmagi (worn)
 w - a +2 buckler (worn)
 J - a +0 cloak (worn)
 K - a +0 pair of gloves (worn)
Jewellery
 u - a ring of wizardry (right hand)
 x - a +4 ring of protection (left hand)
 y - an uncursed ring of magical power
 M - a +6 ring of strength
Wands
 f - a wand of polymorph (6)
 n - a wand of iceblast (2)
 E - a wand of flame (15)
 N - a wand of disintegration (6)
 Q - a wand of clouds (7)
 R - a wand of paralysis (6)
Scrolls
 o - a scroll of enchant armour
 p - a scroll of teleportation
 q - 5 scrolls of remove curse
 s - 2 scrolls of amnesia
 B - 2 scrolls of blinking
 F - a scroll of enchant weapon
 G - 5 scrolls of identify
 L - a scroll of fear
 O - a scroll of holy word
 P - a scroll of magic mapping
Potions
 d - a potion of mutation
 e - a potion of might
 g - 3 potions of heal wounds
 h - a potion of brilliance
 i - a potion of magic
 m - 6 potions of curing
 r - a potion of haste
 C - 3 potions of flight
 D - a potion of cancellation
 I - a potion of berserk rage
Comestibles
 c - 21 rations


   Skills:
 + Level 5.8 Fighting
 * Level 8.3 Dodging
 - Level 1.7 Stealth
 + Level 6.7 Shields
 * Level 8.0 Spellcasting
 * Level 7.6 Conjurations
 * Level 10.3 Ice Magic
 * Level 2.5 Air Magic
 * Level 7.6 Evocations


You had 13 spell levels left.
You knew the following spells:

 Your Spells              Type           Power        Failure   Level  Hunger
a - Freeze                Ice            ####         1%          1    None
b - Frozen Ramparts       Ice            ######       1%          3    #......
c - Hailstorm             Conj/Ice       ######..     1%          4    ###....
d - Magic Dart            Conj           ####         1%          1    None
e - Airstrike             Air            ###.......   4%          4    ###....

Your spell library contained the following spells:

 Spells                   Type           Power        Failure   Level  Hunger
 Iskenderun's Mystic Bla  Conj/Tloc      ####....     2%          4    ###....
 Ozocubu's Armour         Chrm/Ice       #####...     1%          3    #......
 Summon Small Mammal      Summ           ##..         4%          1    None
 Summon Ice Beast         Ice/Summ       #####...     4%          4    ###....
 Call Imp                 Summ           ##......     6%          2    None
 Call Canine Familiar     Summ           ##......     12%         3    #......
 Summon Guardian Golem    Hex/Summ       ##......     12%         3    #......
 Summon Lightning Spire   Summ/Air       ###.....     22%         4    ###....


Dungeon Overview and Level Annotations

Branches:
Dungeon (11/15)            Temple (1/1) D:4            Lair (0/6) D:11
    Orc (0/2) D:10

Altars:
Ashenzari
Cheibriados
Dithmenos
Elyvilon
Fedhas
Gozag
Hepliaklqana
Kikubaaqudgha
Makhleb
Nemelex Xobeh
Okawaru
Qazlal
Ru
Sif Muna
Trog
Uskayaw
Vehumet
Wu Jian
Xom
Yredelemnul
Zin
The Shining One

Shops:
D:11 !


Innate Abilities, Weirdness & Mutations

You can be seen from farther away. (+LOS)
You can swim through water.
You cover ground slowly.
You can hop short distances.


Message History

Evoke which item? (* to show all) (? for menu, Esc to quit)
Aiming: Disintegrate
Press: ? - help, Shift-Dir - straight line, f/p - freezing wraith
Aim: a freezing wraith (lightly damaged, chance to defeat MR: 75%)
The freezing wraith is blasted!
The freezing wraith hits you but does no damage. x2
Evoke which item? (* to show all) (? for menu, Esc to quit)
Aiming: Disintegrate
Press: ? - help, Shift-Dir - straight line, f/p - freezing wraith
Aim: a freezing wraith (heavily damaged, chance to defeat MR: 75%)
Okay, then.
Evoke which item? (* to show all) (? for menu, Esc to quit)
Aiming: Paralyse
Press: ? - help, Shift-Dir - straight line, f/p - freezing wraith
Aim: a freezing wraith (heavily damaged, chance to defeat MR: 50%)
The freezing wraith resists with some effort.
The freezing wraith hits you!
* * * LOW HITPOINT WARNING * * *
The freezing wraith freezes you!!
You die...

.WzW......#..#........#
..........#..#[.......#
..........##.##..######
.#######'###.##..#
.#.........#...?.#
.#.........#.....# .#..
#....##..##.#
.#..##....##..##+##
.#.............W@.+
.#...)............#
.#................#
.#..##...##########
.#..##...###..######.
.#........'..........
.#...^....#..........
.#........#..........
.#.......##.....##...


You could see a freezing wraith.

Vanquished Creatures
  A centaur warrior (D:10)
  2 two-headed ogres
  An ugly thing (D:11)
  Maurice (D:8)
  A hornet (D:9)
  A troll (D:9)
  2 hippogriffs
  A human (D:7)
  5 yaks
  A hungry ghost (D:8)
  3 hogs (D:7)
  2 water moccasins (D:9)
  4 sky beasts
  4 ice beasts
  4 orc warriors
  A necrophage (D:9)
  2 black bears
  4 phantoms
  2 ogres
  14 centaurs
  5 bullfrogs
  A big kobold (D:7)
  Blork the orc (D:4)
  A wyvern zombie (D:7)
  6 scorpions
  5 killer bees (D:9)
  8 wights
  7 howler monkeys
  2 centaur zombies
  5 crimson imps
  4 jellies
  4 centaur skeletons
  2 hounds
  A gnoll shaman (D:7)
  6 orc priests
  13 orc wizards
  3 bullfrog skeletons
  4 iguanas
  6 worker ants
  A killer bee zombie (D:9)
  3 hound zombies
  Robin (D:4)
  3 hound skeletons
  2 worker ant zombies
  4 gnolls (D:7)
  A howler monkey skeleton (D:8)
  14 adders
  3 shadow imps
  An ooze (D:1)
  2 adder zombies
  A worm (D:2)
  5 dart slugs
  6 leopard geckos
  53 orcs
  11 bats
  5 giant cockroaches
  11 goblins
  9 hobgoblins
  8 jackals
  16 kobolds
  5 quokkas
  A ball python (D:2)
  5 frilled lizards
  9 rats
320 creatures vanquished.

Vanquished Creatures (others)
  A two-headed ogre (D:11)
  A wizard (D:9)
  An ugly thing (D:11)
  A yak (D:11)
  A centaur (D:11)
  A wight (D:11)
  An orc wizard (D:8)
  An orc (D:11)
8 creatures vanquished.

Grand Total: 328 creatures vanquished

Notes
Turn   | Place    | Note
-------+----------+-------------------------------------------
     0 | D:1      | Gadfly the Barachi Ice Elementalist began the quest for the
                  | Orb.
     0 | D:1      | Reached XP level 1. HP: 13/13 MP: 3/3
   100 | D:1      | Reached skill level 5 in Ice Magic
   100 | D:1      | Reached XP level 2. HP: 16/19 MP: 0/5
   909 | D:1      | Reached XP level 3. HP: 24/24 MP: 1/7
   914 | D:1      | Learned a level 3 spell: Frozen Ramparts
  1928 | D:2      | HP: 1/24 [poisoned by a kobold]
  2263 | D:2      | Reached XP level 4. HP: 27/30 MP: 5/8
  2462 | D:2      | Learned a level 4 spell: Hailstorm
  3395 | D:4      | Noticed Robin
  3408 | D:4      | Reached skill level 1 in Conjurations
  3408 | D:4      | Reached XP level 5. HP: 26/36 MP: 5/10
  3410 | D:4      | Killed Robin
  3693 | D:4      | Reached skill level 6 in Ice Magic
  4054 | D:4      | Noticed a sky beast
  4063 | D:4      | Killed a sky beast
  4063 | D:4      | Reached skill level 1 in Fighting
  4063 | D:4      | Reached skill level 1 in Evocations
  4063 | D:4      | Reached XP level 6. HP: 32/43 MP: 4/11
  4412 | D:4      | Found a snail-covered altar of Cheibriados.
  4534 | D:4      | Found a staircase to the Ecumenical Temple.
  4545 | Temple   | Entered the Ecumenical Temple
  4787 | D:4      | Noticed Blork the orc
  4801 | D:4      | Killed Blork the orc
  4801 | D:4      | Reached XP level 7. HP: 25/49 MP: 7/13
  5030 | D:5      | Entered Level 5 of the Dungeon
  5613 | D:5      | Reached skill level 7 in Ice Magic
  5613 | D:5      | Reached XP level 8. HP: 54/57 MP: 11/15
  5912 | D:5      | Reached skill level 5 in Dodging
  5912 | D:5      | Reached skill level 5 in Spellcasting
  6797 | D:6      | Found a radiant altar of Vehumet.
  6879 | D:6      | Became a worshipper of Vehumet
  6962 | D:6      | Reached XP level 9. HP: 64/64 MP: 16/16
  7301 | D:6      | Found an opulent altar of Gozag.
  7480 | D:7      | Reached * piety under Vehumet
  7480 | D:7      | Offered knowledge of Magic Dart by Vehumet.
  7580 | D:7      | Reached skill level 5 in Shields
  7707 | D:7      | Learned a level 1 spell: Magic Dart
  8037 | D:7      | Reached skill level 8 in Ice Magic
  8040 | D:7      | Reached skill level 5 in Conjurations
  8041 | D:7      | Reached skill level 5 in Evocations
  8668 | D:7      | Reached XP level 10. HP: 56/71 MP: 2/19
  9088 | D:8      | Noticed a two-headed ogre
  9100 | D:8      | Killed a two-headed ogre
  9194 | D:8      | Reached ** piety under Vehumet
  9294 | D:8      | Offered knowledge of Sandblast by Vehumet.
  9625 | D:8      | Reached skill level 9 in Ice Magic
  9725 | D:8      | Noticed Maurice
  9742 | D:8      | Killed Maurice
 10497 | D:8      | Offered knowledge of Inner Flame by Vehumet.
 11278 | D:9      | Reached *** piety under Vehumet
 11311 | D:9      | Reached skill level 5 in Fighting
 11312 | D:9      | Reached XP level 11. HP: 12/79 MP: 19/21
 11313 | D:9      | Found a bloodstained altar of Trog.
 11574 | D:9      | Noticed a wizard
 11580 | D:9      | Killed a wizard
 12509 | D:10     | Entered Level 10 of the Dungeon
 12509 | D:10     | Found a staircase to the Orcish Mines.
 12512 | D:10     | Noticed a centaur warrior
 12520 | D:10     | Offered knowledge of Airstrike by Vehumet.
 12528 | D:9      | Learned a level 4 spell: Airstrike
 13260 | D:10     | Killed a centaur warrior
 13260 | D:10     | Reached skill level 1 in Air Magic
 13724 | D:10     | HP: 1/80 [something (11)]
 14052 | D:10     | Reached skill level 10 in Ice Magic
 14358 | D:11     | Killed a purple ugly thing
 14676 | D:11     | Killed a two-headed ogre
 14723 | D:11     | Reached **** piety under Vehumet
 14796 | D:11     | Noticed a two-headed ogre
 14813 | D:11     | Killed a two-headed ogre
 15079 | D:11     | Offered knowledge of Iskenderun's Mystic Blast by Vehumet.
 15255 | D:11     | Found Zufont's Distillery.
 15294 | D:11     | Noticed a green ugly thing
 15302 | D:11     | Killed a green ugly thing
 15313 | D:11     | Found a shimmering altar of Xom.
 15313 | D:11     | Noticed a death knight
 15315 | D:11     | Noticed a phantasmal warrior
 15316 | D:11     | Noticed a skeletal warrior
 15675 | D:11     | Found a staircase to the Lair.
 15684 | D:11     | Noticed an eight-headed hydra
 15720 | D:11     | HP: 1/81 [freezing wraith[a death knight] (15)]
 15725 | D:11     | Mangled by a freezing wraith

Illustrated notes

Levels and vault maps discovered:
D:1:      wander_arrival_fairy_ring, layout_loops_ring, minmay_pentomino_q2
D:2:      layout_loops_ring, first_ration, minmay_close_crescents
D:3:      layout_loops_ring, kennysheep_generic_room_8
D:4:      layout_rooms, temple_statues, nicolae_zen_rock_garden,
          cheibriados_altar_1, uniq_robin, uniq_blork_the_orc
D:5:      layout_rooms
D:6:      layout_gridville, overflow_temple_1_default, hangedman_decor_riveting,
          nicolae_gozag_cash_rules_everything_around_me
D:7:      layout_basic, grunt_livestock
D:8:      layout_loops_ring, uniq_maurice
D:9:      layout_stronghold, trog_wizard
D:10:     lemuel_upstairs_altar, layout_cross
D:11:     layout_gridville, lair_entry_dummy, serial_shops, shop,
          xom_confusion_cloud, uniq_erolcha
Temple:   dpeg_three_leaves_temple

Skill      XL: |  1  2  3  4  5  6  7  8  9 10 11 |
---------------+----------------------------------+-----
Ice Magic      | 5 6 7 8 9 10 | 10.3
Spellcasting   | 3 4 5 6 7 8 |  8.0
Dodging        | 3 4 5 6 7 8 |  8.3
Conjurations   | 1 2 3 4 5 6 7 |  7.6
Fighting       | 1 2 3 4 5 |  5.8
Evocations     | 1 3 5 6 7 |  7.6
Shields        | 4 5 6 |  6.7
Air Magic      | 2 |  2.5
Stealth        | |  1.7

Action                   |  1- 3 |  4- 6 |  7- 9 | 10-12 || total
-------------------------+-------+-------+-------+-------++-------
Melee: Whip              |    52 |       |       |       ||    52
       Short sword       |    44 |       |       |       ||    44
       Long sword        |    15 |       |       |       ||    15
       Dagger            |     5 |    32 |    51 |   136 ||   224
       Spear             |       |    84 |   197 |   334 ||   615
       Unarmed           |       |     2 |       |       ||     2
 Cast: Freeze            |    21 |     2 |       |    12 ||    35
       Frozen Ramparts   |     2 |     6 |    27 |    40 ||    75
       Hailstorm         |       |       |    13 |    21 ||    34
 Abil: Hop               |       |       |       |     3 ||     3
Evoke: Wand              |       |       |       |     5 ||     5
  Use: Scroll            |     1 |    14 |     1 |     4 ||    20
       Potion            |       |     1 |     5 |     3 ||     9
 Stab: Sleeping          |     8 |     4 |     1 |     1 ||    14
       Invisible         |       |       |       |     1 ||     1
  Eat: Chunk             |     4 |    10 |    17 |    19 ||    50
       Ration            |       |       |       |     3 ||     3
Armor: Robe              |    30 |    21 |    40 |   120 ||   211
       Skin              |       |     1 |       |       ||     1
Dodge: Dodged            |   110 |    83 |   152 |   381 ||   726
Block: Buckler           |       |       |    51 |   179 ||   230
       Rpst.: Long sword |     6 |       |       |       ||     6
